 Dungeon Crawl Stone Soup version 0.30-a0-475-g03497ec522 (webtiles) character file.

Game seed: 1852614356316428671

154 sanka the Chiller (level 4, -4/33 HPs)
             Began as a Demigod Ice Elementalist on Dec 20, 2022.
             Killed by divine providence
             ... invoked by an orc priest
              (12 damage)
             ... on level 4 of the Dungeon.
             The game lasted 00:05:51 (3622 turns).

sanka the Chiller (Demigod Ice Elementalist)        Turns: 3622, Time: 00:05:52

Health: -4/33      AC: 10    Str:  9    XL:     4   Next: 89%
Magic:  2/11       EV: 12    Int: 21    God:
Gold:   166        SH:  0    Dex: 14    Spells: 1/8 levels left

rFire   . . .      SeeInvis .    a - +3 halberd
rCold   . . .      Faith    .    (shield currently unavailable)
rNeg    . . .      Spirit   .    n - +0 robe
rPois   .          Reflect  .    h - +0 helmet
rElec   .          Harm     .    (no cloak)
rCorr   +          Rampage  .    (no gloves)
Will    +....                    (no boots)
Stlth   ++........               (no amulet)
HPRegen 0.25/turn                u - ring of resist corrosion
MPRegen 0.12/turn                o - ring of willpower

@: ice-armoured, freezing walls
A: high MP 1, forlorn, divine attributes
a: no special abilities


You were on level 4 of the Dungeon.
You visited 1 branch of the dungeon, and saw 4 of its levels.

You collected 166 gold pieces.


Innate Abilities, Weirdness & Mutations

You have an increased reservoir of magic. (+10% MP)
You shall have no god before yourself.
Your divine heritage dramatically boosts your attributes as you level up.


   Skills:
 - Level 1.7 Dodging
 - Level 1.7 Stealth
 + Level 2.9 Spellcasting
 + Level 5.3 Ice Magic


You had one spell level left.
You knew the following spells:

 Your Spells              Type           Power      Damage    Failure   Level
a - Ozocubu's Armour      Ice            25%        N/A       4%          3
y - Frozen Ramparts       Ice            50%        1d8       4%          3
z - Freeze                Ice            100%       1d10      1%          1

Your spell library contained the following spells:

 Spells                   Type           Power      Damage    Failure   Level
 Ensorcelled Hibernation  Hex/Ice        28%        N/A       7%          2
 Spider Form              Tmut/Pois      3%         N/A       38%         3
 Summon Ice Beast         Ice/Summ       14%        N/A       41%         4
 Anguish                  Hex/Necr       1%         N/A       80%         4

Inventory:

Hand Weapons
 a - a +3 halberd (weapon)
 b - a +2 dagger of venom
 f - a +0 short sword
 x - the +1 long sword of Atwoa {flame, rElec}

   It burns those it strikes, dealing additional fire damage.
   Big, fiery blades are also staple armaments of hydra-hunters.
   rElec:     It insulates you from electricity.
Armour
 h - a +0 helmet (worn)
 n - a +0 robe (worn)
Jewellery
 o - a ring of willpower (right hand)
 u - a ring of resist corrosion (left hand)
Scrolls
 d - 11 scrolls of identify {unknown}
 i - 2 scrolls of teleportation {unknown}
 j - 2 scrolls of enchant armour {unknown}
 l - 3 scrolls of poison {unknown}
 m - 2 scrolls of blinking {unknown}
 p - 2 scrolls of amnesia {unknown}
 t - 2 scrolls of fear {unknown}
 v - a scroll of noise {unknown}
Potions
 c - 3 potions of haste {unknown}
 e - 3 potions of berserk rage {unknown}
 g - 2 potions of attraction {unknown}
 k - 3 potions of curing {unknown}
 q - a potion of brilliance {unknown}
 r - a potion of magic
 s - a potion of heal wounds {unknown}
 w - a potion of flight {unknown}

Dungeon Overview and Level Annotations

Branches:
Dungeon (4/15)
 Temple: D:4-7

Shops:
D:4

[
..............<...........
............▒.▒▒..........
..o.........▒.▒▒.▒▒.▒▒.▒▒▒
o..o.............▒▒....▒ ▒
o.......g........▒..▒▒▒▒ ▒
o................▒...▒ ▒▒
.......▒▒......>.▒.▒.▒▒▒▒.
▒▒▒▒▒.. ▒){.....▒▒........
~S ▒.. ▒poo<†..▒▒...▒..▒▒
~ ▒.▒ ▒..)†...▒..▒.▒.▒▒ ▒.
▒.....)....▒...▒▒▒
▒.▒▒▒▒▒...............
▒.▒................▒▒▒
▒.........▒▒▒...▒▒
▒.........▒ ▒...▒
▒.........▒ ▒▒▒▒▒
▒.........▒


You could see 2 orc priests and a hobgoblin.


Message History

The orc hits you but does no damage.
The orc priest calls upon Beogh to heal the orc wizard.
The orc wizard's wounds heal themselves!
The wall freezes the endoplasm but does no damage.
Unknown command.
Unknown command.
You closely miss the orc priest.
The orc priest is almost dead.
The orc wizard gestures wildly while chanting.
The orc wizard flickers and vanishes!
Deactivating autopickup; reactivate with Ctrl-A.
The orc priest hits you with a +0 whip.
The wall freezes the endoplasm.
You kill the endoplasm!
The wall freezes the orc.
The orc barely misses you.
A hobgoblin comes into view.
The wall freezes the orc.
You kill the orc!
Something hits you.
The orc priest mumbles some strange prayers to Beogh against you.
Beogh smites you!
* * * LOW HITPOINT WARNING * * *
Unknown command.
You barely miss the orc priest.
The orc priest is almost dead.
Something hits you but does no damage.
The orc priest invokes the aid of Beogh against you.
Beogh smites you!
You die...

Action                   |  1- 3 |  4- 6 || total
-------------------------+-------+-------++-------
Melee: Unarmed           |     7 |       ||     7
       Short sword       |    11 |       ||    11
       Punch             |     1 |       ||     1
       Halberd           |     9 |    26 ||    35
 Cast: Freeze            |    63 |    43 ||   106
       Frozen Ramparts   |     1 |     1 ||     2
       Ozocubu's Armour  |       |     2 ||     2
 Stab: Sleeping          |       |     5 ||     5
Armor: Robe              |    16 |    11 ||    27
Dodge: Dodged            |    54 |    27 ||    81

Levels and vault maps discovered:
D:1:      minmay_arrival_hallway, layout_loops_corners, grunt_decor_one_mirror,
          st_stairs_3
D:2:      layout_loops_corners
D:3:      layout_basic, shapermc_ecumenical_altar_mp_ritualfount
D:4:      layout_rooms, serial_shops, shop, portal_sewer_entry_c

Notes
Turn   | Place    | Note
-------+----------+-------------------------------------------
     0 | D:1      | sanka the Demigod Ice Elementalist began the quest for the
                  | Orb.
     0 | D:1      | Reached XP level 1. HP: 14/14 MP: 5/5
   120 | D:1      | Reached skill level 2 in Spellcasting
   640 | D:1      | Reached skill level 4 in Ice Magic
   640 | D:1      | Reached XP level 2. HP: 20/20 MP: 5/7
  1609 | D:2      | Reached XP level 3. HP: 6/26 MP: 3/8
  1840 | D:2      | Learned a level 3 spell: Frozen Ramparts
  2242 | D:2      | Reached XP level 4. HP: 33/33 MP: 7/10
  2378 | D:2      | Reached skill level 5 in Ice Magic
  2638 | D:2      | Learned a level 3 spell: Ozocubu's Armour
  3487 | D:4      | Found Yklycy's Antique Armour Boutique.
  3550 | D:4      | Identified the +1 long sword of Atwoa {flame, rElec}
  3622 | D:4      | Killed from afar by an orc priest

Vanquished Creatures
  4 gnolls (D:2)
  4 adders
  3 worms
  A dart slug (D:2)
  4 orcs
  5 endoplasms
  2 giant cockroaches
  9 goblins
  4 hobgoblins
  4 jackals (D:4)
  5 quokkas
  4 ball pythons
  4 bats
  4 frilled lizards
  8 kobolds
  A rat (D:2)
66 creatures vanquished.
